 Dungeon Crawl Stone Soup version 0.26-a0-752-gcff87cac9a (webtiles) character file.

Game seed: 5994537460020505627

177 Peloso the Covered (level 5, -3/47 HPs)
             Began as a Minotaur Fighter on Nov 6, 2020.
             Killed from afar by an orc wizard (8 damage)
             ... with a magic dart
             ... on level 3 of the Dungeon.
             The game lasted 00:03:44 (1947 turns).

Peloso the Covered (Minotaur Fighter)               Turns: 1947, Time: 00:03:44

Health: -3/47      AC:  8    Str: 21    XL:     5   Next: 31%
Magic:  4/4        EV:  8    Int:  5    God:
Gold:   175        SH: 10    Dex: 16    Spells: 4/4 levels left

rFire    . . .     SeeInvis .   a - +0 long sword
rCold    . . .     Faith    .   c - +0 kite shield
rNeg     . . .     Spirit   .   i - +0 scale mail (curse)
rPois    .         Reflect  .   (helmet restricted)
rElec    .         Harm     .   (no cloak)
rCorr    .         Rampage  .   j - +0 pair of gloves
MR       .....                  (no boots)
Stlth    ..........             (no amulet)
HPRegen  0.15/turn              f - +6 ring of dexterity
MPRegen  0.09/turn              (no ring)

@: no status effects
A: retaliatory headbutt, horns 2
a: no special abilities


You were on level 3 of the Dungeon.
You visited 1 branch of the dungeon, and saw 3 of its levels.

You collected 175 gold pieces.

Inventory:

Hand Weapons
 a - a +0 long sword (weapon)
 b - a +1 spear of flaming
Armour
 c - a +0 kite shield (worn)
 i - a cursed +0 scale mail (worn)
 j - a +0 pair of gloves (worn)
Jewellery
 f - a +6 ring of dexterity (left hand)
 o - an uncursed ring of flight
Wands
 m - a wand of flame (23)
 s - a wand of paralysis (6)
Scrolls
 e - a scroll of remove curse {unknown}
 g - a scroll of noise {unknown}
 h - 4 scrolls of identify
 k - a scroll of blinking {unknown}
 n - a scroll of amnesia {unknown}
 t - a scroll of teleportation {unknown}
Potions
 d - a potion of might
 p - a potion of resistance {unknown}
 q - a potion of attraction {unknown}


   Skills:
 + Level 4.5 Fighting
 + Level 4.4 Long Blades
 + Level 4.9 Armour
 + Level 0.5 Dodging
 + Level 4.3 Shields


You had 4 spell levels left.
You didn't know any spells.
Your spell library was empty.

Dungeon Overview and Level Annotations

Branches:
Dungeon (3/15)

Altars:
Elyvilon


Innate Abilities, Weirdness & Mutations

You reflexively headbutt those who attack you in melee.
You have a pair of horns on your head.


Message History

The orc wizard mumbles some strange words.
The orc wizard flickers and vanishes!
Deactivating autopickup; reactivate with Ctrl-A.
You barely miss the orc. Your headbutt misses the orc.
The orc hits you with a +2 flail of protection!
* * * LOW HITPOINT WARNING * * *
Something hits you.
* * * LOW HITPOINT WARNING * * *
You closely miss the orc. Your headbutt misses the orc.
The orc barely misses you.
You riposte.
You closely miss the orc. Something hits you but does no damage.
You hit the orc. Your headbutt misses the orc.
The orc is almost dead.
You block the orc's attack. Something hits you but does no damage.
You closely miss the orc. Your headbutt misses the orc.
The orc is almost dead.
You hear some strange, mumbled words.
A magic dart appears from out of thin air!
The magic dart hits you!
You die...

### ##.## #.# #..#
#.# #.###..# #.#
#......# # #+#
#####.## # ... #.#
# .... ##.# #
..... ##..# #
o.....####{..## ..
......†oo@....#
.##
......####........
.# ..... #...#####
.# .... #.#.# .#
... #.#... # ##
#.###.# #.# .# #.#
#


You could see an orc wizard and an orc.

Vanquished Creatures
  An orc priest (D:3)
  Ijyb (D:3)
  5 adders
  An ufetubus (D:3)
  4 worms (D:2)
  2 dart slugs (D:2)
  2 orcs
  3 giant cockroaches
  5 goblins
  2 hobgoblins
  11 jackals
  2 quokkas (D:2)
  2 ball pythons
  6 bats
  4 kobolds
  6 rats
57 creatures vanquished.

Notes
Turn   | Place    | Note
-------+----------+-------------------------------------------
     0 | D:1      | Peloso the Minotaur Fighter began the quest for the Orb.
     0 | D:1      | Reached XP level 1. HP: 19/19 MP: 0/0
   343 | D:1      | Reached XP level 2. HP: 25/27 MP: 1/1
   883 | D:2      | Reached XP level 3. HP: 33/33 MP: 2/2
  1052 | D:2      | Found a white marble altar of Elyvilon.
  1259 | D:2      | Reached XP level 4. HP: 38/40 MP: 3/3
  1551 | D:3      | Noticed Ijyb
  1561 | D:3      | Killed Ijyb
  1923 | D:3      | Reached XP level 5. HP: 19/47 MP: 4/4
  1947 | D:3      | Killed from afar by an orc wizard

Illustrated notes

Levels and vault maps discovered:
D:1:      erik_arrival_cave_to_civilisation [erik_arrival_cave_to_hall],
          layout_basic
D:2:      layout_rooms, elyvilon_altar_5, grunt_ministairs_6
D:3:      layout_loops_corners, serial_glass, glass_columns_c, glass_columns_c,
          chequers_jeans, minmay_crystal_room, uniq_ijyb

Skill      XL: |  1  2  3  4 |
---------------+-------------+-----
Fighting       | 4 |  4.5
Armour         | 4 |  4.9
Shields        | 4 |  4.3
Long Blades    | 3 4 |  4.4
Dodging        | |  0.5

Action                   |  1- 3 |  4- 6 || total
-------------------------+-------+-------++-------
Melee: Long sword        |    78 |    58 ||   136
       Headbutt          |    19 |    14 ||    33
  Use: Potion            |     2 |     2 ||     4
       Scroll            |       |     1 ||     1
Armor: Scale mail        |    40 |    33 ||    73
Dodge: Dodged            |    24 |    13 ||    37
Block: Kite shield       |    51 |    27 ||    78
       Rpst.: Long sword |     7 |     5 ||    12

Table legend: (Time is in decaauts)
 A = Elapsed time spent in this place.
 B = Non-inter-level travel time spent in this place.
 C = Inter-level travel time spent in this place.
 D = Time resting spent in this place.
 E = Time spent auto-exploring this place.
 F = Levels seen in this place.
 G = Mean time per level.
                   A        B        C        D        E       F      G
               +--------+--------+--------+--------+--------+-----+--------+
         Total |   1988 |   1935 |     53 |      0 |   1500 |   3 |  662.7 |
       Dungeon |   1988 |   1935 |     53 |      0 |   1500 |   3 |  662.7 |
               +--------+--------+--------+--------+--------+-----+--------+

Top non-repeatable levels by time:
     D:1: 747 daAuts
     D:2: 677 daAuts
     D:3: 563 daAuts
